Blues vs Sharks

Created - 10 octobre 2017 at 17:29

Goals
1 2 3 T
Blues 0 1 0 1
Sharks 1 2 0 3
Shots
1 2 3 T
Blues 8 5 8 21
Sharks 10 15 10 35

1st period

1. Sharks , Sidney Crosby 1 (Jonathan Drouin 1) at 16:15 (PP)

Penalties :
Clarke MacArthur (STL) for Holding (Minor) at 16:10

2nd period

2. Sharks , Jonathan Drouin 1 (Sidney Crosby 1) at 4:57 (PP)
3. Blues , Cam Atkinson 1 (Steven Stamkos 1) at 5:17 (PP)
4. Sharks , Colton Sceviour 1 (Kenny Agostino 1) at 11:53

Penalties :
Clarke MacArthur (STL) for Interference (Minor) at 2:15, Clarke MacArthur (STL) for Interference (Minor) at 4:43, Braydon Coburn (SJS) for Holding (Minor) at 5:16, Jonathan Huberdeau (SJS) for Hooking (Minor) at 15:55

3rd period

No Goal

Penalties :
Steven Stamkos (STL) for Hooking (Minor) at 0:03, Jamie McGinn (STL) for Hooking (Minor) at 8:23

Goalie Stats

Kari Lehtonen (STL), 32 saves from 35 shots - (0,914), L, 0-1-0, 60:00 minutes
Jake Allen (SJS), 20 saves from 21 shots - (0,952), W, 1-0-0, 60:00 minutes

Players Stats for Blues

Player Name              G  A  P  +/- PIM S  H  SB GA TA FO     MP     PP MP  PK MP  
------------------------------------------------------------------------------------
Brenden Dillon           0  0  0  -1  0   0  1  0  0  1  0/0    19:52   0:40   2:47 
Cam Atkinson             1  0  1  -1  0   3  2  1  0  0  1/2    25:01   0:48   3:39 
Clarke MacArthur         0  0  0   0  6   2  1  0  0  1  0/1    18:58   1:12   0:55 
Cody Eakin               0  0  0  -1  0   1  1  0  0  0  0/0    18:55   0:48   1:21 
Dan Girardi              0  0  0   0  0   2  0  1  0  1  0/0    24:32   1:20   3:29 
David Schlemko           0  0  0   0  0   1  0  1  1  1  0/0    11:06   0:00   0:00 
Gabriel Dumont           0  0  0   0  0   2  0  0  0  0  1/1    13:18   0:00   0:00 
Griffin Reinhart         0  0  0   0  0   0  0  0  0  0  0/0     4:49   0:00   0:00 
Jamie McGinn             0  0  0   0  2   0  1  0  0  0  0/0    18:07   1:12   0:00 
Jordan Oesterle          0  0  0   0  0   0  0  1  0  0  0/0    11:02   0:00   0:00 
Jordan Schroeder         0  0  0   0  0   1  0  0  0  0  1/4     8:25   0:00   1:34 
Kevin Gravel             0  0  0   0  0   0  0  0  0  0  0/0     0:00   0:00   0:00 
Melker Karlsson          0  0  0   0  0   3  1  1  0  1  7/18   18:47   1:12   1:02 
Mike Green               0  0  0  -1  0   1  1  2  1  0  0/0    19:52   0:40   2:47 
Nate Thompson            0  0  0   0  0   3  0  0  0  1  0/5    13:20   0:00   0:00 
Ryan Sproul              0  0  0   0  0   0  0  0  0  0  0/0     0:00   0:00   0:00 
Salaire Blues            0  0  0   0  0   0  1  0  0  0  0/1    14:03   0:00   1:26 
Scott Mayfield           0  0  0   0  0   0  1  0  0  2  0/0     4:34   0:00   0:00 
Steven Stamkos           0  1  1  -1  2   2  3  1  0  1  18/33  24:26   0:48   2:35 
Trevor Daley             0  0  0   0  0   0  2  0  0  0  0/0    24:32   1:20   3:29 

Players Stats for Sharks

Player Name              G  A  P  +/- PIM S  H  SB GA TA FO     MP     PP MP  PK MP  
------------------------------------------------------------------------------------
Alex Pietrangelo         0  0  0   1  0   1  0  4  2  1  0/0    28:15   4:07   0:52 
Boone Jenner             0  0  0   0  0   0  2  0  0  0  0/0    16:16   2:30   0:27 
Braydon Coburn           0  0  0   1  2   0  0  0  0  0  0/0    21:59   4:07   0:51 
Colton Sceviour          1  0  1   1  0   4  1  0  0  0  2/3     8:59   0:00   0:00 
Dylan Larkin             0  0  0   0  0   5  0  0  0  0  0/0    12:37   0:00   0:42 
Gabriel Landeskog        0  0  0   0  0   2  1  0  0  0  1/1    22:36   3:46   1:19 
Jonathan Drouin          1  1  2   0  0   5  2  0  3  0  0/0    21:54   3:46   0:15 
Jonathan Huberdeau       0  0  0   0  2   1  0  1  2  0  5/14   15:53   2:30   0:00 
Justin Braun             0  0  0   0  0   0  2  2  0  0  0/0    20:21   2:09   1:08 
Kenny Agostino           0  1  1   1  0   2  0  0  0  0  0/0     8:59   0:00   0:00 
Mark Borowiecki          0  0  0   0  0   0  1  1  0  0  0/0     6:14   0:00   0:00 
Matt Martin              0  0  0   1  0   0  1  0  0  0  0/0     9:04   0:00   0:00 
Mikkel Boedker           0  0  0   0  0   0  3  0  1  1  0/0    11:27   0:00   0:00 
Patric Hornqvist         0  0  0   0  0   3  1  0  0  0  0/0    15:27   2:30   0:00 
Shea Theodore            0  0  0   0  0   3  0  0  0  0  0/0    11:25   0:00   0:01 
Sidney Crosby            1  1  2   0  0   6  2  0  0  0  27/44  22:34   3:46   1:17 
Steve Bernier            0  0  0   0  0   0  0  0  0  0  0/0     0:23   0:00   0:00 
Teuvo Teravainen         0  0  0   0  0   2  0  0  1  0  2/3    11:50   0:00   0:00 
Tyson Barrie             0  0  0   0  0   1  1  1  0  0  0/0    20:21   2:09   1:08 
Zach Werenski            0  0  0   0  0   0  1  0  0  0  0/0    11:24   0:00   0:00 

3 Stars

1 - Sidney Crosby (SJS)
2 - Jonathan Drouin (SJS)
3 - Colton Sceviour (SJS)

Power Play

Blues - 1 on 2 Attempt(s) - 50,00%
Sharks - 2 on 5 Attempt(s) - 40,00%

Penalty Kill

Blues - 3 on 5 Attempt(s) - 60,00% - Score 0 goal in Penalty Kill
Sharks - 1 on 2 Attempt(s) - 50,00% - Score 0 goal in Penalty Kill

Team Stat

Blues - Hits : 15 - Faceoff Wins : 28 - Blocked Shots : 8 - Penalty Minutes : 10
Sharks - Hits : 18 - Faceoff Wins : 37 - Blocked Shots : 9 - Penalty Minutes : 4

Official

Referees : Dave Jackson and Justin StPierre
Linesman : Derek Amell and Shane Heyer

Game Notes

No Game Note

Finance

Level 1 -- Attendance: 5223 (87,05%) -- Ticket Income 522 300 $
Level 2 -- Attendance: 5000 (100,00%) -- Ticket Income 300 000 $
Level 3 -- Attendance: 1959 (97,95%) -- Ticket Income 68 565 $
Level 4 -- Attendance: 3669 (91,73%) -- Ticket Income 73 380 $
Luxury Box -- Attendance: 815 (81,50%) -- Ticket Income 163 000 $
Game was played at the Wananiche.
Total Attendance: 16666 (92,59%)
Total Ticket Income: 1 127 245 $
Other Income: 552 350 $
Total Income: 1 679 595 $

Blues

5 vs 5 Forward 
   Center                   Left Wing                Right Wing               Time % Phy DF OF 
 1 Steven Stamkos           Cam Atkinson             Cody Eakin               40     1   2  2  
 2 Melker Karlsson          Clarke MacArthur         Jamie McGinn             30     1   2  2  
 3 Nate Thompson            Salaire Blues            Gabriel Dumont           20     1   2  2  
 4 Jordan Schroeder         Steven Stamkos           Cam Atkinson             10     1   2  2  

5 vs 5 Defense 
   Defense                  Defense                                           Time % Phy DF OF 
 1 Dan Girardi              Trevor Daley                                      40     1   2  2  
 2 Mike Green               Brenden Dillon                                    30     1   2  2  
 3 David Schlemko           Jordan Oesterle                                   20     1   2  2  
 4 Scott Mayfield           Griffin Reinhart                                  10     1   2  2  

PowerPlay Forward 
   Center                   Left Wing                Right Wing               Time % Phy DF OF 
 1 Steven Stamkos           Cam Atkinson             Cody Eakin               60     1   2  2  
 2 Melker Karlsson          Clarke MacArthur         Jamie McGinn             40     1   2  2  

PowerPlay Defense
   Defense                  Defense                                           Time % Phy DF OF 
 1 Dan Girardi              Trevor Daley                                      60     1   2  2  
 2 Mike Green               Brenden Dillon                                    40     1   2  2  

Penalty Kill 4 Players Forward 
   Center                   Wing                     Time % Phy DF OF 
 1 Steven Stamkos           Cam Atkinson             60     1   2  2  
 2 Clarke MacArthur         Cody Eakin               40     1   2  2  

Penalty Kill 4 Players Defense
   Defense                  Defense                  Time % Phy DF OF 
 1 Dan Girardi              Trevor Daley             60     1   2  2  
 2 Mike Green               Brenden Dillon           40     1   2  2  

Penalty Kill - 3 Players Forward 
   Forward                                           Time % Phy DF OF 
 1 Steven Stamkos                                    60     1   2  2  
 2 Cam Atkinson                                      40     1   2  2  

Penalty Kill - 3 Players Defense
   Defense                  Defense                  Time % Phy DF OF 
 1 Dan Girardi              Trevor Daley             60     1   2  2  
 2 Mike Green               Brenden Dillon           40     1   2  2  

4 vs 4 Forward 
   Center                   Wing                     Time % Phy DF OF 
 1 Steven Stamkos           Cam Atkinson             60     1   2  2  
 2 Clarke MacArthur         Cody Eakin               40     1   2  2  

4 vs 4 Defense
   Defense                  Defense                  Time % Phy DF OF 
 1 Dan Girardi              Trevor Daley             60     1   2  2  
 2 Mike Green               Brenden Dillon           40     1   2  2  

Last Minutes Offensive
   Center                   Left Wing                Right Wing               Defense                  Defense                  
   Steven Stamkos           Cam Atkinson             Cody Eakin               Dan Girardi              Trevor Daley             

Last Minutes Defensive
   Center                   Left Wing                Right Wing               Defense                  Defense                  
   Steven Stamkos           Cam Atkinson             Cody Eakin               Dan Girardi              Trevor Daley             

Goaltenders
Starting : Kari Lehtonen            
Backup : Calvin Pickard           

Extra Forwards
Normal : Nate Thompson, Gabriel Dumont, Jordan Schroeder - PP : Nate Thompson, Gabriel Dumont - PK : Jordan Schroeder
Extra Defensemen
Normal : Kevin Gravel, Ryan Sproul, David Schlemko - PP : Kevin Gravel - PK : Ryan Sproul, David Schlemko
Penalty Shots
Steven Stamkos, Cam Atkinson, Clarke MacArthur, Cody Eakin, Melker Karlsson
Custom OT Lines Forwards
Steven Stamkos, Cam Atkinson, Clarke MacArthur, Cody Eakin, Melker Karlsson, Jamie McGinn, Nate Thompson, Gabriel Dumont, Jordan Schroeder, Salaire Blues
Custom OT Lines Defensemen
Dan Girardi, Trevor Daley, Mike Green, Brenden Dillon, David Schlemko

Scratches
*salaire blues* (Suspend), Alex Friesen (Healthy), Robbie Russo (Healthy), Nolan Valleau (Healthy), Aaron Palushaj (Healthy)
Sena Acolatse (Healthy)

Sharks

5 vs 5 Forward 
   Center                   Left Wing                Right Wing               Time % Phy DF OF 
 1 Sidney Crosby            Gabriel Landeskog        Jonathan Drouin          40     1   2  2  
 2 Jonathan Huberdeau       Boone Jenner             Patric Hornqvist         30     1   2  2  
 3 Teuvo Teravainen         Dylan Larkin             Mikkel Boedker           20     1   2  2  
 4 Colton Sceviour          Kenny Agostino           Matt Martin              10     1   2  2  

5 vs 5 Defense 
   Defense                  Defense                                           Time % Phy DF OF 
 1 Alex Pietrangelo         Braydon Coburn                                    40     1   2  2  
 2 Justin Braun             Tyson Barrie                                      30     1   2  2  
 3 Zach Werenski            Shea Theodore                                     20     1   2  2  
 4 Mark Borowiecki          Alex Pietrangelo                                  10     1   2  2  

PowerPlay Forward 
   Center                   Left Wing                Right Wing               Time % Phy DF OF 
 1 Sidney Crosby            Gabriel Landeskog        Jonathan Drouin          60     1   2  2  
 2 Jonathan Huberdeau       Boone Jenner             Patric Hornqvist         40     1   2  2  

PowerPlay Defense
   Defense                  Defense                                           Time % Phy DF OF 
 1 Alex Pietrangelo         Braydon Coburn                                    60     1   2  2  
 2 Justin Braun             Tyson Barrie                                      40     1   2  2  

Penalty Kill 4 Players Forward 
   Center                   Wing                     Time % Phy DF OF 
 1 Sidney Crosby            Gabriel Landeskog        60     1   2  2  
 2 Jonathan Huberdeau       Boone Jenner             40     1   2  2  

Penalty Kill 4 Players Defense
   Defense                  Defense                  Time % Phy DF OF 
 1 Alex Pietrangelo         Braydon Coburn           60     1   2  2  
 2 Justin Braun             Tyson Barrie             40     1   2  2  

Penalty Kill - 3 Players Forward 
   Forward                                           Time % Phy DF OF 
 1 Sidney Crosby                                     60     1   2  2  
 2 Gabriel Landeskog                                 40     1   2  2  

Penalty Kill - 3 Players Defense
   Defense                  Defense                  Time % Phy DF OF 
 1 Alex Pietrangelo         Braydon Coburn           60     1   2  2  
 2 Justin Braun             Tyson Barrie             40     1   2  2  

4 vs 4 Forward 
   Center                   Wing                     Time % Phy DF OF 
 1 Sidney Crosby            Gabriel Landeskog        60     1   2  2  
 2 Jonathan Huberdeau       Boone Jenner             40     1   2  2  

4 vs 4 Defense
   Defense                  Defense                  Time % Phy DF OF 
 1 Alex Pietrangelo         Braydon Coburn           60     1   2  2  
 2 Justin Braun             Tyson Barrie             40     1   2  2  

Last Minutes Offensive
   Center                   Left Wing                Right Wing               Defense                  Defense                  
   Sidney Crosby            Gabriel Landeskog        Jonathan Drouin          Alex Pietrangelo         Braydon Coburn           

Last Minutes Defensive
   Center                   Left Wing                Right Wing               Defense                  Defense                  
   Sidney Crosby            Gabriel Landeskog        Jonathan Drouin          Alex Pietrangelo         Braydon Coburn           

Goaltenders
Starting : Jake Allen               
Backup : Joonas Korpisalo         

Extra Forwards
Normal : Steve Bernier, Teuvo Teravainen, Dylan Larkin - PP : Steve Bernier, Teuvo Teravainen - PK : Dylan Larkin
Extra Defensemen
Normal : Zach Werenski, Shea Theodore, Mark Borowiecki - PP : Zach Werenski - PK : Shea Theodore, Mark Borowiecki
Penalty Shots
Sidney Crosby, Gabriel Landeskog, Jonathan Huberdeau, Boone Jenner, Jonathan Drouin
Custom OT Lines Forwards
Sidney Crosby, Gabriel Landeskog, Jonathan Huberdeau, Boone Jenner, Jonathan Drouin, Patric Hornqvist, Teuvo Teravainen, Dylan Larkin, Mikkel Boedker, Colton Sceviour
Custom OT Lines Defensemen
Alex Pietrangelo, Braydon Coburn, Justin Braun, Tyson Barrie, Zach Werenski

Scratches
*salaire sharks* (Suspend), Mitch Moroz (Healthy), Garret Ross (Healthy)

% Time on Ice - Blues

Lines # - Real PCT - Wanted PCT - Time Play
Normal Forward
1 - 34% - 40% - 17:47
2 - 32% - 30% - 16:18
3 - 25% - 20% - 12:47
4 - 9% - 10% - 4:52
Normal Defense
1 - 38% - 40% - 19:43
2 - 32% - 30% - 16:25
3 - 21% - 20% - 11:02
4 - 9% - 10% - 4:34
PP Forward
1 - 40% - 60% - 0:48
2 - 60% - 40% - 1:12
PP Defense
1 - 67% - 60% - 1:20
2 - 33% - 40% - 0:40
PK Forward
1 - 82% - 60% - 5:07
2 - 18% - 40% - 1:09
PK Defense
1 - 56% - 60% - 3:29
2 - 44% - 40% - 2:47
PK3 Forward
1 - 0% - 60%
2 - 0% - 40%
PK3 Defense
1 - 0% - 60%
2 - 0% - 40%
44 Forward
1 - 0% - 60%
2 - 0% - 40%
44 Defense
1 - 0% - 60%
2 - 0% - 40%
Last Minute Offensive  - 0:00
Last Minute Defensive  - 0:00
Total
Forward - 60:00
Defense - 60:00

% Time on Ice - Sharks

Lines # - Real PCT - Wanted PCT - Time Play
Normal Forward
1 - 35% - 40% - 18:21
2 - 25% - 30% - 12:57
3 - 22% - 20% - 11:27
4 - 17% - 10% - 8:59
Normal Defense
1 - 33% - 40% - 17:02
2 - 33% - 30% - 17:04
3 - 22% - 20% - 11:24
4 - 12% - 10% - 6:14
PP Forward
1 - 60% - 60% - 3:46
2 - 40% - 40% - 2:30
PP Defense
1 - 66% - 60% - 4:07
2 - 34% - 40% - 2:09
PK Forward
1 - 78% - 60% - 1:34
2 - 22% - 40% - 0:26
PK Defense
1 - 43% - 60% - 0:52
2 - 57% - 40% - 1:08
PK3 Forward
1 - 0% - 60%
2 - 0% - 40%
PK3 Defense
1 - 0% - 60%
2 - 0% - 40%
44 Forward
1 - 0% - 60%
2 - 0% - 40%
44 Defense
1 - 0% - 60%
2 - 0% - 40%
Last Minute Offensive  - 0:00
Last Minute Defensive  - 0:00
Total
Forward - 60:00
Defense - 60:00

Play by Play

1st period


0:01 of 1st period - Sidney Crosby wins face-off versus Steven Stamkos in neutral zone.
0:10 of 1st period - Snap shot by Sidney Crosby.
0:10 of 1st period - Stopped by Kari Lehtonen with a rebound.
0:56 of 1st period - Icing by Alex Pietrangelo.
0:57 of 1st period - Teuvo Teravainen wins face-off versus Jordan Schroeder in Sharks zone.
1:12 of 1st period - Cam Atkinson is hit by Mikkel Boedker and loses puck.
1:41 of 1st period - Slapshot by Teuvo Teravainen.
1:41 of 1st period - Shot Blocked by David Schlemko.
1:45 of 1st period - Slapshot by Teuvo Teravainen.
1:45 of 1st period - Stopped by Kari Lehtonen without a rebound.
1:46 of 1st period - Sidney Crosby wins face-off versus Steven Stamkos in Blues zone.
2:03 of 1st period - Zach Werenski is hit by Brenden Dillon and loses puck.
2:42 of 1st period - Snap shot by Melker Karlsson.
2:42 of 1st period - Shot Misses the Net.
2:52 of 1st period - Dan Girardi is hit by Jonathan Drouin and loses puck.
3:11 of 1st period - Slapshot by Trevor Daley.
3:11 of 1st period - Shot Blocked by Justin Braun.
3:59 of 1st period - Icing by Scott Mayfield.
4:00 of 1st period - Sidney Crosby wins face-off versus Melker Karlsson in Blues zone.
4:33 of 1st period - Slapshot by Nate Thompson.
4:33 of 1st period - Stopped by Jake Allen without a rebound.
4:34 of 1st period - Sidney Crosby wins face-off versus Nate Thompson in Sharks zone.
4:46 of 1st period - Off-side.
4:47 of 1st period - Steven Stamkos wins face-off versus Sidney Crosby in neutral zone.
5:05 of 1st period - Cam Atkinson is hit by Mark Borowiecki.
5:23 of 1st period - Snap shot by Nate Thompson.
5:23 of 1st period - Shot Misses the Net.
5:25 of 1st period - Slapshot by Dan Girardi.
5:25 of 1st period - Shot Blocked by Alex Pietrangelo.
5:27 of 1st period - Snap shot by Dan Girardi.
5:27 of 1st period - Shot Misses the Net.
5:41 of 1st period - Wrist shot by Clarke MacArthur.
5:41 of 1st period - Shot Misses the Net.
5:43 of 1st period - Snap shot by Melker Karlsson.
5:43 of 1st period - Stopped by Jake Allen without a rebound.
5:44 of 1st period - Steven Stamkos wins face-off versus Sidney Crosby in Sharks zone.
7:17 of 1st period - Icing by Sidney Crosby.
7:18 of 1st period - Melker Karlsson wins face-off versus Sidney Crosby in Sharks zone.
7:33 of 1st period - Wrist shot by Sidney Crosby.
7:33 of 1st period - Shot Misses the Net.
7:41 of 1st period - Wrist shot by Gabriel Landeskog.
7:41 of 1st period - Stopped by Kari Lehtonen with a rebound.
7:52 of 1st period - Icing by David Schlemko.
7:53 of 1st period - Melker Karlsson wins face-off versus Jonathan Huberdeau in Blues zone.
8:02 of 1st period - Wrist shot by Patric Hornqvist.
8:02 of 1st period - Deflect By Jonathan Huberdeau.
8:02 of 1st period - Shot Blocked by Melker Karlsson.
8:02 of 1st period - Puck is out of play.
8:03 of 1st period - Steven Stamkos wins face-off versus Jonathan Huberdeau in Blues zone.
8:10 of 1st period - Wrist shot by Steven Stamkos.
8:10 of 1st period - Stopped by Jake Allen without a rebound.
8:11 of 1st period - Sidney Crosby wins face-off versus Steven Stamkos in Sharks zone.
8:20 of 1st period - Wrist shot by Steven Stamkos.
8:20 of 1st period - Shot Blocked by Alex Pietrangelo.
8:25 of 1st period - Off-side.
8:26 of 1st period - Steven Stamkos wins face-off versus Jonathan Huberdeau in neutral zone.
8:35 of 1st period - Justin Braun is hit by Scott Mayfield and loses puck.
9:58 of 1st period - Wrist shot by Jonathan Drouin.
9:58 of 1st period - Deflect By Sidney Crosby.
9:58 of 1st period - Stopped by Kari Lehtonen with a rebound.
10:00 of 1st period - Wrist shot by Gabriel Landeskog.
10:00 of 1st period - Stopped by Kari Lehtonen without a rebound.
10:01 of 1st period - Steven Stamkos wins face-off versus Jonathan Huberdeau in Blues zone.
10:18 of 1st period - Cam Atkinson is hit by Patric Hornqvist and loses puck.
10:45 of 1st period - Snap shot by Cam Atkinson.
10:45 of 1st period - Stopped by Jake Allen without a rebound.
10:46 of 1st period - Sidney Crosby wins face-off versus Melker Karlsson in Sharks zone.
11:11 of 1st period - Tyson Barrie is hit by Salaire Blues and loses puck.
11:16 of 1st period - Slapshot by David Schlemko.
11:16 of 1st period - Stopped by Jake Allen without a rebound.
11:17 of 1st period - Jonathan Huberdeau wins face-off versus Nate Thompson in Sharks zone.
11:43 of 1st period - Melker Karlsson is hit by Sidney Crosby and loses puck.
12:06 of 1st period - David Schlemko is hit by Mikkel Boedker and loses puck.
13:10 of 1st period - Alex Pietrangelo is hit by Jamie McGinn and loses puck.
15:18 of 1st period - Icing by Sidney Crosby.
15:19 of 1st period - Jonathan Huberdeau wins face-off versus Melker Karlsson in Sharks zone.
15:25 of 1st period - Off-side.
15:26 of 1st period - Melker Karlsson wins face-off versus Jonathan Huberdeau in neutral zone.
15:37 of 1st period - Slapshot by Mike Green.
15:37 of 1st period - Stopped by Jake Allen without a rebound.
15:38 of 1st period - Steven Stamkos wins face-off versus Sidney Crosby in Sharks zone.
15:48 of 1st period - Icing by Alex Pietrangelo.
15:49 of 1st period - Sidney Crosby wins face-off versus Steven Stamkos in Sharks zone.
15:49 of 1st period - Sidney Crosby is hit by Steven Stamkos.
16:01 of 1st period - Snap shot by Sidney Crosby.
16:01 of 1st period - Shot Misses the Net.
16:03 of 1st period - Snap shot by Sidney Crosby.
16:03 of 1st period - Shot Misses the Net.
16:05 of 1st period - Wrist shot by Gabriel Landeskog.
16:05 of 1st period - Deflect By Steven Stamkos.
16:05 of 1st period - Shot Blocked by Steven Stamkos.
16:05 of 1st period - Puck is out of play.
16:06 of 1st period - Jonathan Huberdeau wins face-off versus Melker Karlsson in Blues zone.
16:10 of 1st period - Minor Penalty to Clarke MacArthur for Holding.
16:11 of 1st period - Sidney Crosby wins face-off versus Steven Stamkos in Blues zone.
16:15 of 1st period - Wrist shot by Sidney Crosby.
16:15 of 1st period - Goal by Sidney Crosby - Blues : 0 - Sharks : 1.
16:16 of 1st period - Steven Stamkos wins face-off versus Sidney Crosby in neutral zone.
16:19 of 1st period - Snap shot by Cody Eakin.
16:19 of 1st period - Stopped by Jake Allen without a rebound.
16:20 of 1st period - Steven Stamkos wins face-off versus Sidney Crosby in Sharks zone.
16:23 of 1st period - Snap shot by Cam Atkinson.
16:23 of 1st period - Stopped by Jake Allen with a rebound.
16:56 of 1st period - Wrist shot by Patric Hornqvist.
16:56 of 1st period - Stopped by Kari Lehtonen without a rebound.
16:57 of 1st period - Gabriel Landeskog wins face-off versus Steven Stamkos in Blues zone.
17:08 of 1st period - Wrist shot by Steven Stamkos.
17:08 of 1st period - Shot Blocked by Justin Braun.
17:14 of 1st period - Backhand shot by Sidney Crosby.
17:14 of 1st period - Stopped by Kari Lehtonen with a rebound.
19:18 of 1st period - Wrist shot by Jonathan Huberdeau.
19:18 of 1st period - Stopped by Kari Lehtonen with a rebound.
19:37 of 1st period - Snap shot by Jonathan Drouin.
19:37 of 1st period - Deflect By Sidney Crosby.
19:37 of 1st period - Stopped by Kari Lehtonen with a rebound.
19:39 of 1st period - Snap shot by Shea Theodore.
19:39 of 1st period - Shot Blocked by Jordan Oesterle.
19:49 of 1st period - Tyson Barrie is hit by Steven Stamkos.
Goals for this period are 0 for Blues vs 1 for Sharks.
Shots for this period are 8 for Blues vs 10 for Sharks.

2nd period


0:01 of 2nd period - Sidney Crosby wins face-off versus Steven Stamkos in neutral zone.
0:26 of 2nd period - Jamie McGinn is hit by Boone Jenner and loses puck.
0:58 of 2nd period - Wrist shot by Dylan Larkin.
0:58 of 2nd period - Stopped by Kari Lehtonen with a rebound.
2:05 of 2nd period - Dylan Larkin is hit by Clarke MacArthur and loses puck.
2:15 of 2nd period - Minor Penalty to Clarke MacArthur for Interference.
2:16 of 2nd period - Steven Stamkos wins face-off versus Sidney Crosby in Blues zone.
2:26 of 2nd period - Off-side.
2:27 of 2nd period - Sidney Crosby wins face-off versus Steven Stamkos in neutral zone.
4:15 of 2nd period - Penalty to Clarke MacArthur is over, Clarke MacArthur is back on ice.
4:30 of 2nd period - Wrist shot by Dylan Larkin.
4:30 of 2nd period - Stopped by Kari Lehtonen with a rebound.
4:32 of 2nd period - Slapshot by Shea Theodore.
4:32 of 2nd period - Stopped by Kari Lehtonen with a rebound.
4:43 of 2nd period - Minor Penalty to Clarke MacArthur for Interference.
4:44 of 2nd period - Sidney Crosby wins face-off versus Steven Stamkos in Blues zone.
4:55 of 2nd period - Snap shot by Sidney Crosby.
4:55 of 2nd period - Shot Misses the Net.
4:57 of 2nd period - Snap shot by Jonathan Drouin.
4:57 of 2nd period - Goal by Jonathan Drouin - Blues : 0 - Sharks : 2.
4:58 of 2nd period - Sidney Crosby wins face-off versus Steven Stamkos in neutral zone.
5:16 of 2nd period - Minor Penalty to Braydon Coburn for Holding.
5:17 of 2nd period - Steven Stamkos wins face-off versus Sidney Crosby in Sharks zone.
5:17 of 2nd period - Snap shot by Cam Atkinson.
5:17 of 2nd period - Goal by Cam Atkinson - Blues : 1 - Sharks : 2.
5:18 of 2nd period - Steven Stamkos wins face-off versus Sidney Crosby in neutral zone.
5:23 of 2nd period - Snap shot by Steven Stamkos.
5:23 of 2nd period - Shot Misses the Net.
5:52 of 2nd period - Jonathan Drouin is hit by Trevor Daley and loses puck.
6:09 of 2nd period - Snap shot by Sidney Crosby.
6:09 of 2nd period - Stopped by Kari Lehtonen without a rebound.
6:10 of 2nd period - Melker Karlsson wins face-off versus Jonathan Huberdeau in Blues zone.
6:24 of 2nd period - Wrist shot by Melker Karlsson.
6:24 of 2nd period - Stopped by Jake Allen without a rebound.
6:25 of 2nd period - Teuvo Teravainen wins face-off versus Nate Thompson in Sharks zone.
6:34 of 2nd period - Snap shot by Dylan Larkin.
6:34 of 2nd period - Stopped by Kari Lehtonen with a rebound.
6:40 of 2nd period - Slapshot by Mike Green.
6:40 of 2nd period - Deflect By Gabriel Dumont.
6:40 of 2nd period - Stopped by Jake Allen without a rebound.
6:41 of 2nd period - Sidney Crosby wins face-off versus Steven Stamkos in Sharks zone.
6:50 of 2nd period - Cam Atkinson is hit by Sidney Crosby and loses puck.
7:09 of 2nd period - Wrist shot by Patric Hornqvist.
7:09 of 2nd period - Stopped by Kari Lehtonen with a rebound.
8:20 of 2nd period - Snap shot by Patric Hornqvist.
8:20 of 2nd period - Deflect By Jonathan Huberdeau.
8:20 of 2nd period - Shot Misses the Net.
8:20 of 2nd period - Puck is out of play.
8:21 of 2nd period - Gabriel Dumont wins face-off versus Jonathan Huberdeau in Blues zone.
8:21 of 2nd period - Gabriel Dumont is hit by Zach Werenski.
8:31 of 2nd period - Wrist shot by Gabriel Dumont.
8:31 of 2nd period - Deflect By Nate Thompson.
8:31 of 2nd period - Shot Misses the Net.
8:31 of 2nd period - Puck is out of play.
8:32 of 2nd period - Steven Stamkos wins face-off versus Sidney Crosby in Sharks zone.
8:57 of 2nd period - Snap shot by Clarke MacArthur.
8:57 of 2nd period - Stopped by Jake Allen without a rebound.
8:58 of 2nd period - Jonathan Huberdeau wins face-off versus Melker Karlsson in Sharks zone.
9:23 of 2nd period - Brenden Dillon is hit by Gabriel Landeskog and loses puck.
10:08 of 2nd period - Tyson Barrie is hit by Cam Atkinson and loses puck.
10:33 of 2nd period - Snap shot by Jonathan Drouin.
10:33 of 2nd period - Stopped by Kari Lehtonen without a rebound.
10:34 of 2nd period - Sidney Crosby wins face-off versus Melker Karlsson in Blues zone.
11:21 of 2nd period - Snap shot by Dylan Larkin.
11:21 of 2nd period - Stopped by Kari Lehtonen with a rebound.
11:39 of 2nd period - Wrist shot by Teuvo Teravainen.
11:39 of 2nd period - Shot Misses the Net.
11:41 of 2nd period - Snap shot by Shea Theodore.
11:41 of 2nd period - Stopped by Kari Lehtonen without a rebound.
11:42 of 2nd period - Steven Stamkos wins face-off versus Colton Sceviour in Blues zone.
11:53 of 2nd period - Backhand shot by Colton Sceviour.
11:53 of 2nd period - Goal by Colton Sceviour - Blues : 1 - Sharks : 3.
11:54 of 2nd period - Steven Stamkos wins face-off versus Sidney Crosby in neutral zone.
12:25 of 2nd period - Wrist shot by Jamie McGinn.
12:25 of 2nd period - Shot Misses the Net.
12:27 of 2nd period - Wrist shot by Melker Karlsson.
12:27 of 2nd period - Stopped by Jake Allen without a rebound.
12:28 of 2nd period - Sidney Crosby wins face-off versus Melker Karlsson in Sharks zone.
12:36 of 2nd period - Off-side.
12:37 of 2nd period - Sidney Crosby wins face-off versus Melker Karlsson in neutral zone.
12:40 of 2nd period - Wrist shot by Jonathan Drouin.
12:40 of 2nd period - Shot Misses the Net.
12:42 of 2nd period - Wrist shot by Gabriel Landeskog.
12:42 of 2nd period - Deflect By Sidney Crosby.
12:42 of 2nd period - Shot Misses the Net.
12:42 of 2nd period - Puck is out of play.
12:43 of 2nd period - Sidney Crosby wins face-off versus Steven Stamkos in Blues zone.
14:18 of 2nd period - Slapshot by Trevor Daley.
14:18 of 2nd period - Shot Blocked by Mark Borowiecki.
15:30 of 2nd period - Jonathan Drouin is hit by Cody Eakin and loses puck.
15:55 of 2nd period - Minor Penalty to Jonathan Huberdeau for Hooking.
15:56 of 2nd period - Sidney Crosby wins face-off versus Melker Karlsson in Sharks zone.
16:04 of 2nd period - Icing by Clarke MacArthur.
16:05 of 2nd period - Melker Karlsson wins face-off versus Sidney Crosby in Blues zone.
16:33 of 2nd period - Off-side.
16:34 of 2nd period - Sidney Crosby wins face-off versus Steven Stamkos in neutral zone.
16:55 of 2nd period - Braydon Coburn is hit by Steven Stamkos and loses puck.
17:55 of 2nd period - Penalty to Jonathan Huberdeau is over, Jonathan Huberdeau is back on ice.
18:22 of 2nd period - Slapshot by Alex Pietrangelo.
18:22 of 2nd period - Shot Misses the Net.
18:30 of 2nd period - Slapshot by Alex Pietrangelo.
18:30 of 2nd period - Deflect By Kenny Agostino.
18:30 of 2nd period - Stopped by Kari Lehtonen without a rebound.
18:31 of 2nd period - Colton Sceviour wins face-off versus Melker Karlsson in Blues zone.
18:32 of 2nd period - Snap shot by Tyson Barrie.
18:32 of 2nd period - Shot Misses the Net.
18:34 of 2nd period - Snap shot by Colton Sceviour.
18:34 of 2nd period - Shot Misses the Net.
18:38 of 2nd period - Snap shot by Colton Sceviour.
18:38 of 2nd period - Stopped by Kari Lehtonen with a rebound.
18:40 of 2nd period - Slapshot by Justin Braun.
18:40 of 2nd period - Deflect By Colton Sceviour.
18:40 of 2nd period - Stopped by Kari Lehtonen without a rebound.
18:41 of 2nd period - Colton Sceviour wins face-off versus Steven Stamkos in Blues zone.
18:42 of 2nd period - Wrist shot by Kenny Agostino.
18:42 of 2nd period - Stopped by Kari Lehtonen with a rebound.
19:02 of 2nd period - Snap shot by Kenny Agostino.
19:02 of 2nd period - Shot Blocked by Cam Atkinson.
19:14 of 2nd period - Cody Eakin is hit by Justin Braun and loses puck.
Goals for this period are 1 for Blues vs 2 for Sharks.
Shots for this period are 5 for Blues vs 15 for Sharks.

3rd period


0:01 of 3rd period - Cam Atkinson wins face-off versus Sidney Crosby in neutral zone.
0:03 of 3rd period - Minor Penalty to Steven Stamkos for Hooking.
0:04 of 3rd period - Sidney Crosby wins face-off versus Jordan Schroeder in Blues zone.
0:12 of 3rd period - Snap shot by Jonathan Drouin.
0:12 of 3rd period - Shot Misses the Net.
1:02 of 3rd period - Wrist shot by Jonathan Drouin.
1:02 of 3rd period - Shot Blocked by Mike Green.
2:03 of 3rd period - Penalty to Steven Stamkos is over, Steven Stamkos is back on ice.
2:32 of 3rd period - Cody Eakin is hit by Matt Martin and loses puck.
2:39 of 3rd period - Slapshot by Tyson Barrie.
2:39 of 3rd period - Shot Misses the Net.
5:13 of 3rd period - Wrist shot by Dylan Larkin.
5:13 of 3rd period - Shot Misses the Net.
6:26 of 3rd period - Brenden Dillon is hit by Colton Sceviour and loses puck.
7:05 of 3rd period - Snap shot by Sidney Crosby.
7:05 of 3rd period - Deflect By Jonathan Drouin.
7:05 of 3rd period - Shot Misses the Net.
7:05 of 3rd period - Puck is out of play.
7:06 of 3rd period - Sidney Crosby wins face-off versus Salaire Blues in Blues zone.
7:09 of 3rd period - Slapshot by Jonathan Drouin.
7:09 of 3rd period - Deflect By Sidney Crosby.
7:09 of 3rd period - Shot Misses the Net.
7:09 of 3rd period - Puck is out of play.
7:10 of 3rd period - Steven Stamkos wins face-off versus Sidney Crosby in Blues zone.
7:52 of 3rd period - Wrist shot by Dylan Larkin.
7:52 of 3rd period - Shot Misses the Net.
8:23 of 3rd period - Minor Penalty to Jamie McGinn for Hooking.
8:24 of 3rd period - Sidney Crosby wins face-off versus Cam Atkinson in Blues zone.
8:32 of 3rd period - Snap shot by Jonathan Drouin.
8:32 of 3rd period - Stopped by Kari Lehtonen without a rebound.
8:33 of 3rd period - Sidney Crosby wins face-off versus Steven Stamkos in Blues zone.
9:01 of 3rd period - Snap shot by Jonathan Drouin.
9:01 of 3rd period - Stopped by Kari Lehtonen with a rebound.
9:03 of 3rd period - Slapshot by Alex Pietrangelo.
9:03 of 3rd period - Stopped by Kari Lehtonen without a rebound.
9:04 of 3rd period - Jonathan Huberdeau wins face-off versus Clarke MacArthur in Blues zone.
9:30 of 3rd period - Justin Braun is hit by Cam Atkinson.
9:40 of 3rd period - Backhand shot by Steven Stamkos.
9:40 of 3rd period - Stopped by Jake Allen with a rebound.
10:23 of 3rd period - Penalty to Jamie McGinn is over, Jamie McGinn is back on ice.
10:25 of 3rd period - Snap shot by Jordan Schroeder.
10:25 of 3rd period - Shot Misses the Net.
10:39 of 3rd period - Salaire Blues is hit by Mikkel Boedker and loses puck.
11:49 of 3rd period - Snap shot by Gabriel Dumont.
11:49 of 3rd period - Deflect By Nate Thompson.
11:49 of 3rd period - Stopped by Jake Allen without a rebound.
11:50 of 3rd period - Sidney Crosby wins face-off versus Nate Thompson in Sharks zone.
11:55 of 3rd period - Wrist shot by Gabriel Dumont.
11:55 of 3rd period - Stopped by Jake Allen without a rebound.
11:56 of 3rd period - Sidney Crosby wins face-off versus Nate Thompson in Sharks zone.
12:19 of 3rd period - Snap shot by Gabriel Dumont.
12:19 of 3rd period - Shot Blocked by Tyson Barrie.
12:21 of 3rd period - Wrist shot by Jordan Schroeder.
12:21 of 3rd period - Deflect By Gabriel Landeskog.
12:21 of 3rd period - Stopped by Jake Allen without a rebound.
12:22 of 3rd period - Steven Stamkos wins face-off versus Jonathan Huberdeau in Sharks zone.
12:27 of 3rd period - Snap shot by Cam Atkinson.
12:27 of 3rd period - Shot Misses the Net.
12:57 of 3rd period - Dylan Larkin is hit by Mike Green and loses puck.
13:12 of 3rd period - Gabriel Dumont is hit by Jonathan Drouin and loses puck.
13:27 of 3rd period - Cam Atkinson is hit by Tyson Barrie and loses puck.
13:36 of 3rd period - Backhand shot by Colton Sceviour.
13:36 of 3rd period - Shot Misses the Net.
13:38 of 3rd period - Snap shot by Colton Sceviour.
13:38 of 3rd period - Stopped by Kari Lehtonen without a rebound.
13:39 of 3rd period - Sidney Crosby wins face-off versus Melker Karlsson in Blues zone.
13:42 of 3rd period - Slapshot by Jonathan Drouin.
13:42 of 3rd period - Shot Blocked by Dan Girardi.
13:50 of 3rd period - Slapshot by Melker Karlsson.
13:50 of 3rd period - Shot Blocked by Alex Pietrangelo.
13:52 of 3rd period - Slapshot by Melker Karlsson.
13:52 of 3rd period - Shot Blocked by Alex Pietrangelo.
13:54 of 3rd period - Slapshot by Dan Girardi.
13:54 of 3rd period - Stopped by Jake Allen without a rebound.
13:55 of 3rd period - Steven Stamkos wins face-off versus Jonathan Huberdeau in Sharks zone.
14:04 of 3rd period - Snap shot by Steven Stamkos.
14:04 of 3rd period - Shot Blocked by Jonathan Huberdeau.
14:06 of 3rd period - Slapshot by Dan Girardi.
14:06 of 3rd period - Stopped by Jake Allen without a rebound.
14:07 of 3rd period - Steven Stamkos wins face-off versus Sidney Crosby in Sharks zone.
15:04 of 3rd period - Wrist shot by Gabriel Dumont.
15:04 of 3rd period - Shot Misses the Net.
15:10 of 3rd period - Dan Girardi is hit by Justin Braun and loses puck.
15:17 of 3rd period - Teuvo Teravainen is hit by Trevor Daley and loses puck.
15:26 of 3rd period - Backhand shot by Tyson Barrie.
15:26 of 3rd period - Stopped by Kari Lehtonen with a rebound.
15:42 of 3rd period - Wrist shot by Teuvo Teravainen.
15:42 of 3rd period - Stopped by Kari Lehtonen with a rebound.
15:52 of 3rd period - Slapshot by Nate Thompson.
15:52 of 3rd period - Stopped by Jake Allen with a rebound.
15:58 of 3rd period - Slapshot by Tyson Barrie.
15:58 of 3rd period - Shot Misses the Net.
16:00 of 3rd period - Snap shot by Dylan Larkin.
16:00 of 3rd period - Stopped by Kari Lehtonen without a rebound.
16:01 of 3rd period - Sidney Crosby wins face-off versus Jordan Schroeder in Blues zone.
16:02 of 3rd period - Snap shot by Jonathan Drouin.
16:02 of 3rd period - Stopped by Kari Lehtonen with a rebound.
16:04 of 3rd period - Snap shot by Sidney Crosby.
16:04 of 3rd period - Shot Blocked by Mike Green.
16:28 of 3rd period - Alex Pietrangelo is hit by Melker Karlsson and loses puck.
16:35 of 3rd period - Snap shot by Patric Hornqvist.
16:35 of 3rd period - Stopped by Kari Lehtonen with a rebound.
16:37 of 3rd period - Slapshot by Shea Theodore.
16:37 of 3rd period - Stopped by Kari Lehtonen without a rebound.
16:38 of 3rd period - Melker Karlsson wins face-off versus Sidney Crosby in Blues zone.
16:44 of 3rd period - Off-side.
16:45 of 3rd period - Melker Karlsson wins face-off versus Sidney Crosby in neutral zone.
16:57 of 3rd period - Snap shot by Melker Karlsson.
16:57 of 3rd period - Shot Hit the Post.
17:01 of 3rd period - Snap shot by Clarke MacArthur.
17:01 of 3rd period - Stopped by Jake Allen without a rebound.
17:02 of 3rd period - Jordan Schroeder wins face-off versus Teuvo Teravainen in Sharks zone.
17:53 of 3rd period - Snap shot by Clarke MacArthur.
17:53 of 3rd period - Shot Misses the Net.
18:01 of 3rd period - Salaire Blues is hit by Boone Jenner and loses puck.
Goals for this period are 0 for Blues vs 0 for Sharks.
Shots for this period are 8 for Blues vs 10 for Sharks.